 Dungeon Sprint DCSS version 0.20-a0-1109-ge3cd172 (webtiles) character file.

856 potatolord5000 the Spear-Bearer (level 8, -15/69 (71) HPs)
             Began as a Merfolk Gladiator on May 5, 2017.
             Demolished by a tyrant leech (23 damage)
             ... in the Dungeon (Sprint II: "The Violet Keep of Menkaure").
             The game lasted 00:02:43 (633 turns).

potatolord5000 the Spear-Bearer (Merfolk Gladiator)  Turns: 633, Time: 00:02:44

HP:   -15/69 (71)   AC:  4    Str: 14      XL:     8   Next: 2%
MP:   8/8           EV: 20    Int:  7      God:
Gold: 486           SH:  0    Dex: 17 (18) Spells: 7/7 levels left

rFire    . . .     SeeInvis .   a - +0 trident
rCold    . . .     Gourm    .   (no shield)
rNeg     . . .     Faith    .   b - +0 leather armour
rPois    .         Spirit   .   c - +0 helmet
rElec    .         Reflect  .   (no cloak)
rCorr    .         Harm     .   (no gloves)
MR       .....     NoTele   +   (no boots)
Stlth    ++++......             (no amulet)
Regen    0.3/turn               (no ring)
MPRegen  0.2/turn               (no ring)

@: no status effects
A: change form in water, swift swim, stealthy swim, deterioration 1
a: no special abilities


You were in the Dungeon.
You were full.

You visited 1 branch You collected 486 gold pieces.

Inventory:

Hand Weapons
 a - a +0 trident (weapon)
Armour
 b - a +0 leather armour (worn)
 c - a +0 helmet (worn)
Scrolls
 k - a scroll of blinking
Potions
 e - a potion of curing
 i - 2 potions of magic


   Skills:
 + Level 9.6 Fighting
 + Level 12.5 Polearms
 - Level 2.0 Throwing
 + Level 11.5 Dodging
 + Level 10.0 Stealth


You had 7 spell levels left.
You didn't know any spells.

Dungeon Overview and Level Annotations

Branches:
Dungeon (1/1)

Altars:

Shops:
D :::}}[:(?%[!=}=!

Annotations:
D exclusion: oklob plant, Menkaure


Innate Abilities, Weirdness & Mutations

You revert to your normal form in water.
You are very nimble and swift while swimming.
You are very stealthy in the water. (Stealth+)
Your body sometimes deteriorates upon taking damage.


Message History

Really walk into a travel-excluded area? [Y]es or [N]o only, please.
Really walk into a travel-excluded area? [Y]es or [N]o only, please.
Really walk into a travel-excluded area? [Y]es or [N]o only, please.
Really walk into a travel-excluded area?
There is an entrance to Joroonekk's Jewellery Boutique here.
The spiny frog croaks.
You hit the tyrant leech.
The tyrant leech is lightly wounded.
You puncture the tyrant leech!
The tyrant leech is lightly wounded.
The tyrant leech misses you.
You hit the tyrant leech but do no damage.
The tyrant leech is lightly wounded.
You puncture the tyrant leech!
The tyrant leech is heavily wounded.
The tyrant leech bites you!!
You die...

###########≈≈≈...
##....∩.∩.#≈≈≈≈.##+##
##...∩.∩..#≈≈≈≈##...##
##..∩.∩...#≈≈≈≈#..#..#
##.⌠.∩....#≈≈####.#.## #
##..∩.∩...#M##.###'## .##
##...∩.∩..#≈##..##.##..$#
##....∩.ww'≈'##ww.<.'#
##.....∩@∩#≈#.#.##.##...#
#▓▓▓▓▓▓▓###≈##.###+# .##
##/GF######≈≈### # #).F#h
##≈≈≈# #∩P[+.$ +#≈#
#?$.#[## ≈≈# #[)$###≈≈ ≈≈


You could see a great orb of eyes, 2 tyrant leeches, an oklob plant, 2 spiny
frogs and Menkaure.

Vanquished Creatures
  4 neqoxecs (D)
  4 necrophages (D)
8 creatures vanquished.

Vanquished Creatures (others)
  A crocodile (D)
1 creature vanquished.

Grand Total: 9 creatures vanquished

Notes
Turn   | Place    | Note
-------+----------+-------------------------------------------
     0 | D        | potatolord5000 the Merfolk Gladiator began the quest for the Orb.
     0 | D        | Reached XP level 1. HP: 16/16 MP: 1/1
     2 | D        | Noticed a necrophage
     2 | D        | Noticed a necrophage
     2 | D        | Noticed a necrophage
     2 | D        | Noticed a necrophage
    24 | D        | Killed a necrophage
    24 | D        | Reached skill level 5 in Fighting
    24 | D        | Reached skill level 7 in Polearms
    24 | D        | Reached XP level 2. HP: 27/27 MP: 2/2
    24 | D        | Reached XP level 3. HP: 33/33 MP: 3/3
    24 | D        | Reached XP level 4. HP: 39/39 MP: 4/4
    36 | D        | Killed a necrophage
    36 | D        | Reached skill level 8 in Polearms
    36 | D        | Reached XP level 5. HP: 41/46 MP: 5/5
    46 | D        | Killed a necrophage
    46 | D        | Reached skill level 9 in Polearms
    46 | D        | Reached XP level 6. HP: 34/54 MP: 6/6
    58 | D        | Killed a necrophage
    58 | D        | Reached skill level 10 in Polearms
   329 | D        | Noticed a neqoxec
   329 | D        | Noticed a neqoxec
   329 | D        | Noticed a neqoxec
   329 | D        | Noticed a neqoxec
   340 | D        | Killed a neqoxec
   340 | D        | Reached skill level 11 in Polearms
   340 | D        | Reached skill level 10 in Dodging
   340 | D        | Reached XP level 7. HP: 61/61 MP: 7/7
   352 | D        | Killed a neqoxec
   358 | D        | Killed a neqoxec
   358 | D        | Reached skill level 12 in Polearms
   368 | D        | Gained mutation: Your body sometimes deteriorates upon taking damage. [a neqoxec]
   370 | D        | Killed a neqoxec
   370 | D        | Reached skill level 10 in Stealth
   370 | D        | Reached XP level 8. HP: 26/69 MP: 8/8
   577 | D        | Noticed a tyrant leech
   577 | D        | Noticed a tyrant leech
   600 | D        | Found Qoclaysi's Magic Scroll Boutique.
   600 | D        | Found Onamniab's Antique Weapon Shop.
   600 | D        | Found Jisenon's Antique Armour Shop.
   600 | D        | Found Fadoih's Gadget Shop.
   600 | D        | Found Tuiren's Book Boutique.
   601 | D        | Found Siziwesa's Distillery.
   601 | D        | Found Qugg's Jewellery Boutique.
   601 | D        | Found Detho's Distillery.
   601 | D        | Found Ypnipt's Antique Armour Boutique.
   601 | D        | Found Dole's Gadget Shop.
   601 | D        | Found Qutish's Gadget Boutique.
   602 | D        | Found Fap Yniucsi's Book Shop.
   602 | D        | Found Girphoucw's Book Boutique.
   602 | D        | Noticed a spiny frog
   603 | D        | Found Joroonekk's Jewellery Boutique.
   603 | D        | Found Ygapuwn's Food Shop.
   604 | D        | Noticed Menkaure
   604 | D        | Noticed a spiny frog
   604 | D        | Noticed an oklob plant
   605 | D        | Found Nablyqo's Book Shoppe.
   607 | D        | Noticed a great orb of eyes
   609 | D        | Noticed a polar bear
   633 | D        | Demolished by a tyrant leech

Vault maps used:
D:        the_violet_keep_of_menkaure

Skill      XL: |  1  2  3  4  5  6  7 |
---------------+----------------------+-----
Fighting       | 5 6 7 8 9 |  9.6
Polearms       | 7 8 9 11 12 | 12.5
Dodging        | 6 8 9 10 11 | 11.5
Stealth        | 4 6 7 8 10 | 10.0
Throwing       | |  2.0

Action                   |  1- 3 |  4- 6 |  7- 9 || total
-------------------------+-------+-------+-------++-------
Melee: Trident           |    20 |    44 |    41 ||   105
  Use: Potion            |     2 |     1 |       ||     3
  Eat: Bread ration      |       |     1 |       ||     1
Armor: Leather armour    |     2 |     3 |     1 ||     6
Dodge: Dodged            |     7 |    15 |    24 ||    46
